 Dungeon Crawl Stone Soup version 0.30-a0-414-gcb316572d5 (webtiles) character file.

Game seed: 4898435607917452925

63 pokeman the Magician (level 3, 0/20 HPs)
             Began as a Deep Elf Hedge Wizard on Dec 7, 2022.
             Slain by a gnoll
             ... wielding a +0 spear
              (2 damage)
             ... on level 2 of the Dungeon.
             The game lasted 00:03:14 (1599 turns).

pokeman the Magician (Deep Elf Hedge Wizard)        Turns: 1599, Time: 00:03:15

Health: 0/20       AC:  2    Str:  7    XL:     3   Next: 87%
Magic:  1/11       EV: 12    Int: 20    God:
Gold:   47         SH:  0    Dex: 14    Spells: 4/12 levels left

rFire   . . .      SeeInvis .    n - +0 war axe
rCold   . . .      Faith    .    (no shield)
rNeg    . . .      Spirit   .    b - +0 robe
rPois   .          Reflect  .    c - +0 hat
rElec   .          Harm     .    (no cloak)
rCorr   +          Rampage  .    (no gloves)
Will    .....                    (no boots)
Stlth   ++........               (no amulet)
HPRegen 0.23/turn                m - ring of resist corrosion
MPRegen 0.12/turn                (no ring)

@: very slightly contaminated
A: no striking features
a: no special abilities


You were on level 2 of the Dungeon.
You visited 1 branch of the dungeon, and saw 2 of its levels.

You collected 47 gold pieces.

Inventory:

Hand Weapons
 n - a +0 war axe (weapon)
Armour
 b - a +0 robe (worn)
 c - a +0 hat (worn)
Jewellery
 m - a ring of resist corrosion (left hand)
Scrolls
 e - a scroll of enchant armour {unknown}
 h - a scroll of torment {unknown}
 l - a scroll of identify {unknown}
Potions
 d - a potion of magic
 f - 2 potions of curing {unknown}
 g - a potion of haste {unknown}
 i - a potion of might {unknown}
 j - a potion of brilliance {unknown}
 k - 2 potions of mutation {unknown}


   Skills:
 + Level 1.0 Fighting
 - Level 1.0 Armour
 + Level 2.5 Dodging
 - Level 2.4 Stealth
 * Level 5.4 Spellcasting
 + Level 2.0 Conjurations
 - Level 1.1 Summonings
 - Level 1.1 Translocations


You had 4 spell levels left.
You knew the following spells:

 Your Spells              Type           Power      Damage    Failure   Level
a - Magic Dart            Conj           52%        1d5       4%          1
b - Mephitic Cloud        Conj/Pois/Air  8%         N/A       26%         3
c - Call Imp              Summ           9%         N/A       11%         2
d - Blink                 Tloc           18%        N/A       11%         2

Your spell library contained the following spells:

 Spells                   Type           Power      Damage    Failure   Level
 Searing Ray              Conj           26%        2d5       7%          2
 Slow                     Hex            20%        N/A       11%         1
 Static Discharge         Conj/Air       18%        2-3/arc   11%         2
 Cigotuvi's Dreadful Rot  Necr/Pois/Air  10%        N/A       17%         2
 Vhi's Electric Charge    Tloc/Air       14%        N/A       26%         3
 Fulminant Prism          Conj/Hex       4%         3d5       58%         4
 Arcjolt                  Conj/Air       4%         1d14      90%         5
 Lightning Bolt           Conj/Air       4%         1d16      90%         5


Dungeon Overview and Level Annotations

Branches:
Dungeon (2/15)

Altars:


Message History

The gnoll hits itself with a +0 spear.
Casting: Mephitic Cloud (extremely dangerous; 26% risk of failure)
Confirm with . or Enter, or press ? or * to list all spells.
The spell is extremely dangerous to miscast (26% risk of failure)!
Continue anyway?
Aiming: Mephitic Cloud (extremely dangerous; 26% risk of failure)
Press: ? - help, Shift-Dir - straight line, f/p - gnoll
Aim: a gnoll, wielding a +0 spear (almost dead, confused, chance to affect: 91%)
You miscast Mephitic Cloud.
You are very lightly contaminated with residual magic.
Nothing appears to happen.
The gnoll misses you.
Unknown command.
Casting: Mephitic Cloud (extremely dangerous; 26% risk of failure)
Confirm with . or Enter, or press ? or * to list all spells.
The spell is extremely dangerous to miscast (26% risk of failure)!
Continue anyway?
Aiming: Mephitic Cloud (extremely dangerous; 26% risk of failure)
Press: ? - help, Shift-Dir - straight line, f/p - gnoll
Aim: a gnoll, wielding a +0 spear (almost dead, confused, chance to affect: 91%)
The ball explodes into a vile cloud!
The stinking cloud engulfs the gnoll but does no damage.
The gnoll is almost dead.
The stinking cloud engulfs the gnoll but does no damage. x2
The gnoll is severely wounded.
The gnoll hits you from afar with a +0 spear!
The gnoll is engulfed in noxious fumes.
The gnoll appears confused.
The gnoll hits the gnoll with a +0 spear.
The gnoll is killed!
The gnoll hits itself with a +0 spear.
Your Fighting skill increases to level 1!
Unknown command.
Unknown command.
Casting: Mephitic Cloud (extremely dangerous; 26% risk of failure)
Confirm with . or Enter, or press ? or * to list all spells.
A beastly little devil appears in a puff of flame.
The gnoll hits you from afar with a +0 spear!
* * * LOW HITPOINT WARNING * * *
A gnoll comes into view. It is wielding a +0 flail.
The gnoll is engulfed in noxious fumes.
The gnoll appears confused.
You swap places.
Your crimson imp hits the gnoll.
The gnoll hits you from afar with a +0 spear.
You die...

####### ## ......#
.. )####.# #.
.#....# #. ......#
####.### ...#.<#
...... ##....#
###..#### .....>#
#.#..@..#
##.##.#.##.#.##5##.#
#.##.#...g.g.g.##.#
#.##.####.#######.#
##.##.# ..#.#
...##.# #.#.#
..###.# ### #.#.#
..# #.#####.# #.#.#
..# #.......# #.#.#


You could see a gnoll (ally target) and a friendly crimson imp (summoned).

Vanquished Creatures
  2 gnolls
  A dart slug (D:1)
  4 endoplasms
  2 giant cockroaches (D:1)
  6 hobgoblins
  4 jackals
  2 kobolds
  3 quokkas (D:1)
  3 ball pythons (D:1)
  2 bats (D:1)
  A frilled lizard (D:1)
  4 goblins
  2 rats
36 creatures vanquished.

Notes
Turn   | Place    | Note
-------+----------+-------------------------------------------
     0 | D:1      | pokeman the Deep Elf Hedge Wizard began the quest for the
                  | Orb.
     0 | D:1      | Reached XP level 1. HP: 10/10 MP: 7/7
   296 | D:1      | Reached XP level 2. HP: 16/16 MP: 0/9
   443 | D:1      | Reached skill level 5 in Spellcasting
   628 | D:1      | Reached XP level 3. HP: 19/20 MP: 5/11
   632 | D:1      | Learned a level 3 spell: Mephitic Cloud
   635 | D:1      | Learned a level 2 spell: Call Imp
   638 | D:1      | Learned a level 2 spell: Blink
  1442 | D:2      | Reached skill level 1 in Armour
  1596 | D:2      | Reached skill level 1 in Fighting
  1599 | D:2      | Slain by a gnoll

Illustrated notes

Levels and vault maps discovered:
D:1:      dpeg_arrival_long_road, layout_rooms, serial_glass, glass_columns_b,
          glass_columns_c, glass_columns_b, glass_columns_b, glass_columns_b,
          glass_columns_c, glass_columns_c, glass_columns_b, glass_columns_a,
          glass_columns_a
D:2:      layout_basic

Skill      XL: |  1  2  3 |
---------------+----------+-----
Spellcasting   | 5 |  5.4
Armour         | 1 |  1.0
Conjurations   | 2 |  2.0
Fighting       | 1 |  1.0
Dodging        | |  2.5
Stealth        | |  2.4
Summonings     | |  1.1
Translocations | |  1.1

Action                   || total
-------------------------++-------
Melee: Dagger            ||    23
       War axe           ||     4
       Punch             ||     1
 Cast: Magic Dart        ||    93
       Mephitic Cloud    ||     2
       Call Imp          ||     1
 Stab: Sleeping          ||     2
Armor: Robe              ||     5
Dodge: Dodged            ||    33

Table legend: (Time is in decaauts)
 A = Elapsed time spent in this place.
 B = Non-inter-level travel time spent in this place.
 C = Inter-level travel time spent in this place.
 D = Time resting spent in this place.
 E = Time spent auto-exploring this place.
 F = Levels seen in this place.
 G = Mean time per level.
                   A        B        C        D        E       F      G
               +--------+--------+--------+--------+--------+-----+--------+
         Total |   1599 |   1596 |      3 |      0 |   1372 |   2 |  799.5 |
       Dungeon |   1599 |   1596 |      3 |      0 |   1372 |   2 |  799.5 |
               +--------+--------+--------+--------+--------+-----+--------+

Top non-repeatable levels by time:
     D:1: 1122 daAuts
     D:2: 477 daAuts
